 Dungeon Crawl Stone Soup version 0.24-a0-136-gad582e5 (webtiles) character file.

Game seed: 4592838419820639222

18290 snowfan the Arsonist (level 12, -5/73 HPs)
             Began as a Deep Elf Fire Elementalist on Feb 28, 2019.
             Was an Elder of Vehumet.
             Slain by Snorg (12 damage)
             ... on level 10 of the Dungeon on Mar 1, 2019.
             The game lasted 01:36:06 (17785 turns).

snowfan the Arsonist (Deep Elf Fire Elementalist)  Turns: 17785, Time: 01:36:08

Health: -5/73      AC:  6    Str:  7    XL:     12   Next: 26%
Magic:  0/39       EV: 19    Int: 31    God:    Vehumet [****..]
Gold:   566        SH:  0    Dex: 15    Spells: 4/33 levels left

rFire    + . .     SeeInvis .   D - +2 dagger (freeze)
rCold    x . .     Gourm    .   (no shield)
rNeg     . . .     Faith    .   a - +0 robe
rPois    .         Spirit   +   U - +3 hat of Pondering {ponderous, MR+ MP+10 Int+5}
rElec    .         Reflect  .   V - scarf {Spirit}
rCorr    .         Harm     .   (no gloves)
MR       ++++.                  g - +0 pair of boots
Stlth    ++........             (no amulet)
HPRegen  0.22/turn              v - ring of fire
MPRegen  0.26/turn              R - ring of protection from magic

@: studying Shields, slow
A: horns 1, magic resistance 1, strong 1
a: Renounce Religion


You were on level 10 of the Dungeon.
You worshipped Vehumet.
Vehumet was greatly pleased with you.
You were not hungry.

You visited 3 branches of the dungeon, and saw 13 of its levels.
You also visited: Ossuary and Bailey.

You collected 665 gold pieces.
You spent 99 gold pieces at shops.

Inventory:

Hand Weapons
 x - a +0 dagger of venom
 D - a +2 dagger of freezing (weapon)
 E - a +2 trident of venom
Missiles
 I - 79 poisoned needles
Armour
 a - a +0 robe (worn)
 g - a +0 pair of boots (worn)
 U - the +3 hat of Pondering (worn) {ponderous, MR+ MP+10 Int+5}
   (You took it off Gastronok on level 1 of the Lair of Beasts)

   It affects your intelligence (+5).
   It affects your resistance to hostile enchantments.
   It affects your magic capacity (+10).
 V - a scarf of spirit shield (worn)
Jewellery
 v - a ring of fire (left hand)
 R - a ring of protection from magic (right hand)
 T - an uncursed ring of wizardry
Wands
 b - a wand of paralysis (9)
 h - a wand of flame (19)
 A - a wand of polymorph (14)
Scrolls
 f - 6 scrolls of remove curse {unknown}
 i - a scroll of noise {unknown}
 j - 3 scrolls of amnesia {unknown}
 m - 7 scrolls of teleportation {unknown}
 r - 2 scrolls of magic mapping
 s - 4 scrolls of enchant armour {unknown}
 u - 8 scrolls of identify {unknown}
 w - 8 scrolls of immolation {unknown}
 y - 4 scrolls of enchant weapon {unknown}
 F - 2 scrolls of blinking {unknown}
 G - 2 scrolls of fog {unknown}
 J - a scroll of torment {unknown}
 N - a scroll of silence {unknown}
 O - 6 scrolls of random uselessness {unknown}
 P - a scroll of vulnerability {unknown}
Potions
 d - 3 potions of curing
 e - 19 potions of degeneration
 k - a potion of invisibility {unknown}
 l - 3 potions of mutation
 n - 3 potions of lignification {unknown}
 q - 4 potions of haste {unknown}
 t - 3 potions of heal wounds {unknown}
 z - 2 potions of berserk rage {unknown}
 B - 3 potions of flight
 C - 4 potions of cancellation {unknown}
 K - 2 potions of brilliance {unknown}
 L - a potion of experience {unknown}
 M - a potion of resistance {unknown}
 Q - a potion of ambrosia {unknown}
 S - a potion of might {unknown}
Books
 o - a manual of Shields
Comestibles
 c - 21 rations


   Skills:
 * Level 7.9 Fighting
 + Level 9.8 Dodging
 - Level 2.4 Stealth
 - Level 11.1 Spellcasting
 + Level 7.3 Conjurations
 - Level 4.2 Hexes
 - Level 2.6 Translocations
 + Level 12.7 Fire Magic


You had 4 spell levels left.
You knew the following spells:

 Your Spells              Type           Power        Failure   Level  Hunger
a - Flame Tongue          Conj/Fire      #####        1%          1    None
b - Confuse               Hex            #####...     1%          3    None
c - Sticky Flame          Conj/Fire      #######.     1%          4    None
d - Conjure Flame         Conj/Fire      #######.     1%          3    None
e - Venom Bolt            Conj/Pois      #####.....   5%          5    ##.....
f - Fireball              Conj/Fire      #######...   1%          5    ##.....
s - Throw Flame           Conj/Fire      ######       1%          2    None
v - Gell's Gravitas       Tloc           ####......   3%          3    None
x - Inner Flame           Hex/Fire       #######.     1%          3    None

Your spell library contained the following spells:

 Spells                   Type           Power        Failure   Level  Hunger
 Apportation              Tloc           ####..       1%          1    None
 Confusing Touch          Hex            #####.       1%          1    None
 Animate Skeleton         Necr           N/A          3%          1    None
 Summon Small Mammal      Summ           ###.         3%          1    None
 Petrify                  Tmut/Erth      ###.....     28%         4    None
 Yara's Violent Unravell  Hex/Tmut       ####......   10%         5    ##.....
 Metabolic Englaciation   Hex/Ice        ####......   34%         5    ##.....


Dungeon Overview and Level Annotations

Branches:
Dungeon (11/15)            Temple (1/1) D:6            Lair (1/6) D:8
    Orc (0/2) D:10

Altars:
Ashenzari
Cheibriados
Dithmenos
Elyvilon
Fedhas
Gozag
Hepliaklqana
Kikubaaqudgha
Makhleb
Nemelex Xobeh
Okawaru
Qazlal
Ru
Sif Muna
Trog
Uskayaw
Vehumet
Wu Jian
Xom
Yredelemnul
Zin
The Shining One

Shops:
D:8 [

Annotations:
D:10 Snorg


Innate Abilities, Weirdness & Mutations

You have a pair of small horns on your head.
You are resistant to hostile enchantments. (MR+)
Your muscles are strong. (Str +2)


Message History

Snorg is moderately wounded.
Snorg burns!
Snorg misses you. Snorg barely misses you. Snorg closely misses you.
Casting: Fireball (safe; 1% risk of failure)
Confirm with . or Enter, or press ? or * to list all spells.
Aiming: Fireball (safe; 1% risk of failure)
Press: ? - help, Shift-Dir - straight line You feel a surge of power!
The fireball explodes!
The fireball engulfs Snorg!!
Snorg is heavily wounded.
Snorg burns!
Snorg bites you! Snorg claws you! Snorg misses you. x2
Snorg claws you!! Snorg claws you!
* * * LOW HITPOINT WARNING * * *
You feel better.
Snorg burns!
Snorg completely misses you. x3
As you read the scroll labeled KYLOST DEAQEHO, it crumbles to dust.
You feel momentarily disoriented.
It was a scroll of magic mapping.
Snorg burns!
Snorg bites you!!
* * * LOW HITPOINT WARNING * * *
Snorg closely misses you. Snorg claws you but does no damage. Snorg misses you.
Snorg claws you!
You die...

#.#### #......###.#
#.######......##...
##.............###.#
####.#'''#........#
###
#...##...##....)..#
#..##.....##..###.##
#..#...>...#..# #..#
####.T.....#..# ##.#
#..@.>..#..# #.#
###.....##..# #.#
#.##...##..## #.#
#.######...# #.# #
#.#........# #.# #
#^........)# #.# #
##.........# #.####
##........#####...##
#................#


You could see Snorg (berserk).

Vanquished Creatures
  Gastronok (Lair:1)
  A two-headed ogre (D:9)
  Urug (D:10)
  An orc knight (Bailey)
  A spiny frog (Lair:1)
  A komodo dragon (Lair:1)
  7 blink frogs (Lair:1)
  Grinder (D:6)
  4 hippogriffs
  Prince Ribbit (D:9)
  A spriggan (D:9)
  23 yaks
  6 humans (D:10)
  Menkaure (D:6)
  4 water moccasins
  A porcupine (Lair:1)
  An ice beast (D:7)
  2 black bears
  18 orc warriors
  5 ogres
  3 phantoms
  An eye of draining (D:11)
  5 centaurs
  2 big kobolds
  A gnoll sergeant (D:10)
  4 bullfrogs
  A wyvern zombie (D:10)
  2 scorpions (D:8)
  14 killer bees
  9 wights (D:10)
  4 howler monkeys
  A crimson imp (D:4)
  2 bullfrog zombies
  A centaur zombie (Ossuary)
  A quasit (D:10)
  6 hounds
  6 jellies
  4 bullfrog skeletons
  13 orc priests
  A centaur skeleton (D:7)
  A gnoll shaman (D:8)
  4 iguanas
  Jessica (D:10)
  Ijyb (D:10)
  16 orc wizards
  7 worker ants
  3 killer bee zombies
  A big kobold zombie (Ossuary)
  A hound zombie (D:7)
  A hound skeleton (D:7)
  4 mummies (Ossuary)
  2 worker ant zombies
  Robin (D:2)
  13 gnolls
  A howler monkey skeleton (D:4)
  8 adders
  2 shadow imps
  2 worms
  A dart slug (D:1)
  7 leopard geckos
  56 orcs
  A ball python (D:1)
  6 giant cockroaches
  A gnoll zombie (Ossuary)
  30 goblins
  16 hobgoblins
  9 jackals
  A quokka (D:7)
  5 bats
  6 frilled lizards
  A goblin zombie (Ossuary)
  2 hobgoblin zombies (Ossuary)
  17 kobolds
  2 kobold zombies (Ossuary)
  A quokka zombie (D:9)
  6 rats
399 creatures vanquished.

Vanquished Creatures (others)
  A killer bee (D:7)
  24 fungi (D:8)
  7 plants (D:8)
32 creatures vanquished.

Grand Total: 431 creatures vanquished

Notes
Turn   | Place    | Note
-------+----------+-------------------------------------------
     0 | D:1      | snowfan the Deep Elf Fire Elementalist began the quest for
                  | the Orb.
     0 | D:1      | Reached XP level 1. HP: 10/10 MP: 6/6
   162 | D:1      | Reached skill level 4 in Fire Magic
   162 | D:1      | Reached XP level 2. HP: 15/15 MP: 6/8
   837 | D:1      | Reached XP level 3. HP: 19/19 MP: 9/9
   951 | D:1      | Learned a level 3 spell: Conjure Flame
   954 | D:1      | Learned a level 2 spell: Throw Flame
  1155 | D:2      | Reached skill level 5 in Fire Magic
  1225 | D:2      | Noticed Robin
  1231 | D:2      | Killed Robin
  1419 | D:2      | Found a faded altar of an unknown god.
  1430 | D:2      | Reached XP level 4. HP: 24/24 MP: 6/10
  1606 | D:2      | Reached skill level 6 in Fire Magic
  2354 | D:3      | Reached XP level 5. HP: 28/28 MP: 8/11
  2983 | D:4      | Learned a level 3 spell: Inner Flame
  3076 | D:4      | Reached skill level 7 in Fire Magic
  3224 | D:5      | Entered Level 5 of the Dungeon
  3237 | D:5      | Noticed a phantom
  3255 | D:5      | Killed a phantom
  3255 | D:5      | Reached XP level 6. HP: 28/32 MP: 2/12
  3272 | D:5      | Found a hazy altar of Hepliaklqana.
  3302 | D:5      | Reached skill level 8 in Fire Magic
  3529 | D:5      | Reached skill level 9 in Fire Magic
  3529 | D:5      | Reached XP level 7. HP: 36/36 MP: 0/13
  3720 | D:5      | Found a shimmering altar of Xom.
  4268 | D:5      | Learned a level 4 spell: Sticky Flame
  4657 | D:5      | Reached skill level 5 in Spellcasting
  4894 | D:6      | Found a staircase to the Ecumenical Temple.
  4904 | D:6      | Noticed Grinder
  4915 | D:6      | Killed Grinder
  4915 | D:6      | Reached XP level 8. HP: 36/41 MP: 6/21
  4921 | Temple   | Entered the Ecumenical Temple
  5107 | Temple   | Became a worshipper of Sif Muna the Loreminder
  7186 | D:6      | Noticed Menkaure
  7189 | D:6      | Killed Menkaure
  7189 | D:6      | Reached skill level 10 in Spellcasting
  7336 | D:7      | Reached * piety under Sif Muna
  7634 | D:7      | Reached skill level 10 in Fire Magic
  7634 | D:7      | Reached XP level 9. HP: 45/45 MP: 12/25
  7724 | D:7      | Found a shimmering altar of Xom.
  7724 | D:7      | Found a radiant altar of Vehumet.
  7730 | D:7      | Found a bloodstained altar of Trog.
  7752 | D:7      | Learned a level 5 spell: Fireball
  7753 | D:7      | Fell from the grace of Sif Muna
  7753 | D:7      | Became a worshipper of Vehumet
  8762 | D:7      | Reached skill level 1 in Hexes
  9274 | D:7      | Learned a level 3 spell: Gell's Gravitas
  9342 | D:7      | Reached skill level 1 in Translocations
  9826 | D:8      | Found a sand-covered staircase.
  9835 | D:8      | Reached * piety under Vehumet
  9835 | D:8      | Offered knowledge of Sandblast by Vehumet.
  9922 | Ossuary  | Entered an ossuary
 10560 | D:8      | Reached skill level 5 in Dodging
 10716 | D:8      | Reached ** piety under Vehumet
 10716 | D:8      | Offered knowledge of Throw Frost by Vehumet.
 10719 | D:8      | Gained mutation: Your muscles are strong. (Str +2) [potion
                  | of mutation]
 10719 | D:8      | Gained mutation: You are resistant to hostile enchantments.
                  | (MR+) [potion of mutation]
 10719 | D:8      | Gained mutation: You have a pair of small horns on your
                  | head. [potion of mutation]
 10995 | D:8      | Reached XP level 10. HP: 28/50 MP: 13/27
 11364 | D:8      | Reached skill level 5 in Conjurations
 11519 | D:8      | Learned a level 3 spell: Confuse
 11633 | D:8      | Found a staircase to the Lair.
 11654 | D:8      | Found Ekhir's Armour Shoppe.
 11662 | D:8      | Bought a scarf of spirit shield for 99 gold pieces
 11920 | Lair:1   | Entered Level 1 of the Lair of Beasts
 11980 | Lair:1   | Noticed a spiny frog
 11988 | Lair:1   | Killed a spiny frog
 11988 | Lair:1   | Reached skill level 1 in Fighting
 11995 | Lair:1   | Reached skill level 11 in Fire Magic
 12007 | Lair:1   | Offered knowledge of Stone Arrow by Vehumet.
 12798 | Lair:1   | Noticed Gastronok
 12998 | Lair:1   | Killed Gastronok
 12998 | Lair:1   | Reached XP level 11. HP: 44/62 MP: 9/28
 13545 | Lair:1   | Reached skill level 5 in Fighting
 14087 | D:9      | Noticed a two-headed ogre
 14092 | D:9      | Killed a two-headed ogre
 14092 | D:9      | Reached *** piety under Vehumet
 14264 | D:9      | Reached skill level 12 in Fire Magic
 14590 | D:9      | Noticed Prince Ribbit
 14592 | D:9      | Killed Prince Ribbit
 14690 | D:9      | Offered knowledge of Dazzling Spray by Vehumet.
 15067 | D:9      | Was forgiven by Sif Muna
 15076 | D:10     | Entered Level 10 of the Dungeon
 15239 | D:10     | Noticed Urug
 15253 | D:10     | Killed Urug
 15335 | D:10     | Reached **** piety under Vehumet
 15461 | D:10     | Found a flagged portal.
 15472 | Bailey   | Entered a bailey
 15515 | Bailey   | Offered knowledge of Static Discharge by Vehumet.
 16052 | Bailey   | Noticed an orc knight
 16057 | Bailey   | Killed an orc knight
 16225 | D:10     | Found a large runed translucent door.
 16227 | D:10     | Found a large runed translucent door.
 16239 | D:10     | Found a runed translucent door.
 16247 | D:10     | Noticed Jessica
 16248 | D:10     | Noticed Ijyb
 16254 | D:10     | Killed Jessica
 16254 | D:10     | Reached XP level 12. HP: 72/72 MP: 21/29
 16271 | D:10     | Killed Ijyb
 16402 | D:10     | Reached ***** piety under Vehumet
 16404 | D:10     | Offered knowledge of Venom Bolt by Vehumet.
 16479 | D:10     | Learned a level 5 spell: Venom Bolt
 16531 | D:10     | Found a runed translucent door.
 16531 | D:10     | Found a runed translucent door.
 17204 | D:10     | Found a staircase to the Orcish Mines.
 17309 | D:10     | Found a runed translucent door.
 17414 | D:10     | Found a runed translucent door.
 17778 | D:11     | Noticed Snorg
 17785 | D:10     | Slain by Snorg

Levels and vault maps discovered:
D:1:      wander_arrival_lonely_grave, layout_basic, fountainhead
D:2:      layout_rooms, chequers_ecumenical_altar_simple_redux, first_ration,
          uniq_robin
D:3:      layout_loops_ring
D:4:      corexii_shantytown, layout_layer_cave
D:5:      layout_cave_pods, old_standard_altar, brannock_xom_greatest_gift
D:6:      layout_gridville, minmay_temple_entry_arrows, minmay_strange_pillars,
          uniq_menkaure, uniq_grinder
D:7:      layout_basic, gammafunk_temple_overflow_forgotten
D:8:      layout_loops_ring, grunt_lair_entry_orc_guard_hut, enter_ossuary_2,
          serial_shops, kennysheep_mini_moat
D:9:      layout_rooms, the_bakery, minmay_misc_feat_four_crosses,
          uniq_prince_ribbit1
D:10:     erik_cavepeople, layout_basic, enter_bailey_7,
          kennysheep_windowed_goal, uniq_urug
D:11:     layout_basic, uniq_snorg
Temple:   eino_narrow_crystal_temple
Lair:1:   layout_layer_cave, uniq_gastronok
Ossuary:  ossuary_crypta
Bailey:   bailey_polearm_2, bailey

Skill      XL: |  1  2  3  4  5  6  7  8  9 10 11 12 |
---------------+-------------------------------------+-----
Fire Magic     | 4 5 6 7 9 10 11 12 | 12.7
Spellcasting   | 7 10 11 | 11.1
Hexes          | 4 |  4.2
Conjurations   | 4 5 6 7 |  7.3
Translocations | 2 |  2.6
Dodging        | 5 7 9 |  9.8
Fighting       | 4 7 |  7.9
Stealth        | |  2.4

Action                   |  1- 3 |  4- 6 |  7- 9 | 10-12 || total
-------------------------+-------+-------+-------+-------++-------
Melee: Unarmed           |     1 |       |       |       ||     1
       Short sword       |    10 |       |       |       ||    10
       Dagger            |       |     3 |   124 |    36 ||   163
       Trident           |       |       |    31 |       ||    31
       Headbutt          |       |       |     2 |     7 ||     9
 Fire: Blowgun           |       |       |    16 |       ||    16
       Hunting sling     |       |       |     4 |       ||     4
Throw: Stone             |       |       |     2 |     1 ||     3
 Cast: Flame Tongue      |    57 |    73 |   104 |    21 ||   255
       Throw Flame       |     7 |    36 |   152 |   155 ||   350
       Conjure Flame     |       |     3 |    17 |    17 ||    37
       Sticky Flame      |       |       |    12 |    38 ||    50
       Inner Flame       |       |       |    11 |    12 ||    23
       Fireball          |       |       |    14 |    63 ||    77
       Confuse           |       |       |       |     3 ||     3
       Gell's Gravitas   |       |       |       |     9 ||     9
  Use: Potion            |       |       |     4 |     2 ||     6
       Scroll            |       |       |       |     1 ||     1
 Stab: Sleeping          |     2 |       |     9 |     1 ||    12
  Eat: Chunk             |     2 |     6 |    25 |    23 ||    56
       Ration            |       |       |     1 |     1 ||     2
Armor: Robe              |     8 |    13 |    40 |    13 ||    74
Dodge: Dodged            |    13 |    14 |   141 |   152 ||   320

Table legend:
 A = Non-vault XP
 B = Vault XP
 C = Vault XP percentage of total XP
 D = Non-vault monster count
 E = Vault monster count
 F = Vault count percentage of total count
                 A         B        C        D         E       F
            +---------+---------+-------+---------+---------+-------
      Total |   17004 |    9125 |  34.9 |     287 |     112 |  28.1
            +---------+---------+-------+---------+---------+-------
        D:1 |      47 |       0 |   0.0 |      26 |       0 |   0.0
        D:2 |      83 |      37 |  30.8 |      15 |      13 |  46.4
        D:3 |      52 |       0 |   0.0 |      14 |       0 |   0.0
        D:4 |     483 |      60 |  11.0 |      21 |      26 |  55.3
        D:5 |     884 |       0 |   0.0 |      29 |       0 |   0.0
        D:6 |     181 |     436 |  70.7 |       5 |       2 |  28.6
        D:7 |    2156 |       0 |   0.0 |      37 |       0 |   0.0
        D:8 |    1479 |     415 |  21.9 |      40 |       4 |   9.1
        D:9 |    3114 |     484 |  13.5 |      27 |       2 |   6.9
       D:10 |    3205 |    3534 |  52.4 |      46 |      26 |  36.1
       D:11 |     713 |       0 |   0.0 |       8 |       0 |   0.0
     Lair:1 |    4607 |    2193 |  32.2 |      19 |       1 |   5.0
    Ossuary |       0 |     149 | 100.0 |       0 |      12 | 100.0
     Bailey |       0 |    1817 | 100.0 |       0 |      26 | 100.0
            +---------+---------+-------+---------+---------+-------
